TOP OF THE 1ST |
Anderson Rebels batting - Pitching for Greenville Spinners : RHP Tony Pedroza
|
Pitching: RHP Tony Pedroza
|
|
Batting: RHB Henry Cotto
|
0-0: SINGLE (Groundball, 6MD, EV 104.4 MPH)
|
Batting: RHB Mike Gallego
|
0-0: Ball 1-0: Ball 2-0: Fielders Choice at 2nd, 5-4 (Groundball, 56, EV 104.4 MPH)
|
Batting: RHB Larry See
|
0-0: Ball 1-0: Ball 2-0: Foul Ball, location: 2F 2-1: Called Strike 2-2: Foul Ball, location: 2F 2-2: Strikes out looking
|
Batting: RHB Todd Demeter
|
0-0: Called Strike 0-1: Ball 1-1: Called Strike 1-2: Ball 2-2: Ball 3-2: Strikes out swinging
|
Top of the 1st over - 0 runs, 1 hit, 0 errors, 1 left on base; Anderson 0 - Greenville 0 |
BOTTOM OF THE 1ST |
Greenville Spinners batting - Pitching for Anderson Rebels : LHP Kevin Houston
|
Pitching: LHP Kevin Houston
|
|
Batting: RHB Tony Russell
|
0-0: Ball 1-0: Ball 2-0: Fly out, F8 (Flyball, 89D, EV 103.1 MPH)
|
Batting: LHB John Edmonds
|
0-0: Ball 1-0: Called Strike 1-1: Foul Ball, location: 2F 1-2: Ground out U3 (Groundball, 34S, EV 91.3 MPH)
|
Batting: RHB Byron Peyton
|
0-0: Ball 1-0: Foul Ball, location: 2F 1-1: Ball 2-1: Foul Ball, location: 2F 2-2: Ball 3-2: Fly out, F4 (Popup, 4, EV 69.4 MPH)
|
Bottom of the 1st over - 0 runs, 0 hits, 0 errors, 0 left on base; Anderson 0 - Greenville 0 |
TOP OF THE 2ND |
Anderson Rebels batting - Pitching for Greenville Spinners : RHP Tony Pedroza
|
Batting: RHB Steve Lombardozzi
|
0-0: Foul Ball, location: 2F 0-1: Swinging Strike 0-2: Ball 1-2: Ball 2-2: Ball 3-2: Foul Ball, location: 2F 3-2: Fly out, F6 (Popup, 6MS, EV 68.8 MPH)
|
Batting: RHB Juan Blanco
|
0-0: Ball 1-0: Ground out 6-3 (Groundball, 6, EV 93.1 MPH)
|
Batting: LHB Eli Aldridge
|
0-0: Swinging Strike 0-1: Ball 1-1: Swinging Strike 1-2: Strikes out swinging
|
Top of the 2nd over - 0 runs, 0 hits, 0 errors, 0 left on base; Anderson 0 - Greenville 0 |
BOTTOM OF THE 2ND |
Greenville Spinners batting - Pitching for Anderson Rebels : LHP Kevin Houston
|
Batting: RHB Glenn Robertson
|
0-0: Foul Ball, location: 2F 0-1: Fly out, F9 (Flyball, 9S, EV 91.9 MPH)
|
Batting: RHB Ronald Carapezzi
|
0-0: Ground out 4-3 (Groundball, 34, EV 81.3 MPH)
|
Batting: RHB Michael McEvilly
|
0-0: Fly out, F8 (Flyball, 78M, EV 87.5 MPH)
|
Bottom of the 2nd over - 0 runs, 0 hits, 0 errors, 0 left on base; Anderson 0 - Greenville 0 |
TOP OF THE 3RD |
Anderson Rebels batting - Pitching for Greenville Spinners : RHP Tony Pedroza
|
Batting: LHB Tad Venger
|
0-0: Ball 1-0: Called Strike 1-1: Foul Ball, location: 2F 1-2: Strikes out swinging
|
Batting: RHB Jose Bernhardt
|
0-0: Hit by Pitch
|
Batting: RHB Henry Cotto
|
0-0: Ball 1-0: Called Strike 1-1: Ball 2-1: Fielders Choice at 2nd, 6-4 (Groundball, 56, EV 76.3 MPH)
|
Batting: RHB Mike Gallego
|
0-0: Called Strike Henry Cotto steals 2nd base (no throw) 0-1: Ball 1-1: Ball 2-1: Fly out, F9 (Line Drive, 9, EV 91.9 MPH)
|
Top of the 3rd over - 0 runs, 0 hits, 0 errors, 1 left on base; Anderson 0 - Greenville 0 |
BOTTOM OF THE 3RD |
Greenville Spinners batting - Pitching for Anderson Rebels : LHP Kevin Houston
|
Batting: RHB Darrell Woodard
|
0-0: Ball 1-0: Ground out 1-3 (Groundball, 15S, EV 72.5 MPH)
|
Batting: RHB Luis Salazar
|
0-0: Called Strike 0-1: Ground out 3-1 (Groundball, 34, EV 106.3 MPH)
|
Batting: LHB Russell Getter
|
0-0: Ball 1-0: Foul Ball, location: 2F 1-1: Ball 2-1: Foul Ball, location: 2F 2-2: Strikes out swinging
|
Bottom of the 3rd over - 0 runs, 0 hits, 0 errors, 0 left on base; Anderson 0 - Greenville 0 |
TOP OF THE 4TH |
Anderson Rebels batting - Pitching for Greenville Spinners : RHP Tony Pedroza
|
Batting: RHB Larry See
|
0-0: Ball 1-0: Ball 2-0: Ball 3-0: Base on Balls
|
Batting: RHB Todd Demeter
|
0-0: Ball 1-0: Foul Ball, location: 2F 1-1: Swinging Strike 1-2: Ball 2-2: Ball 3-2: Fly out, F8 (Flyball, 78D, EV 101.3 MPH)
|
Batting: RHB Steve Lombardozzi
|
0-0: Fly out, F8 (Flyball, 89XD, EV 99.4 MPH) Runner from 1st tags up, SAFE at 2nd
|
Batting: RHB Juan Blanco
|
0-0: Called Strike 0-1: Foul Ball, location: 2F 0-2: Foul Ball, location: 2F 0-2: Fly out, F8 (Line Drive, 8LD, EV 94.4 MPH)
|
Top of the 4th over - 0 runs, 0 hits, 0 errors, 1 left on base; Anderson 0 - Greenville 0 |
BOTTOM OF THE 4TH |
Greenville Spinners batting - Pitching for Anderson Rebels : LHP Kevin Houston
|
Batting: RHB Tony Russell
|
0-0: Called Strike 0-1: Fly out, F8 (Flyball, 8LS, EV 82.5 MPH)
|
Batting: LHB John Edmonds
|
0-0: Called Strike 0-1: Swinging Strike 0-2: Strikes out swinging
|
Batting: RHB Byron Peyton
|
0-0: Fly out, F9 (Flyball, 89M, EV 92.5 MPH)
|
Bottom of the 4th over - 0 runs, 0 hits, 0 errors, 0 left on base; Anderson 0 - Greenville 0 |
TOP OF THE 5TH |
Anderson Rebels batting - Pitching for Greenville Spinners : RHP Tony Pedroza
|
Batting: LHB Eli Aldridge
|
0-0: Ball 1-0: Foul Ball, location: 2F 1-1: Fly out, F8 (Line Drive, 8RM, EV 91.3 MPH)
|
Batting: LHB Tad Venger
|
0-0: Called Strike 0-1: Ground out U3 (Groundball, 34, EV 107.5 MPH)
|
Batting: RHB Jose Bernhardt
|
0-0: SINGLE (Groundball, 4MD, EV 94.4 MPH)
|
Batting: RHB Henry Cotto
|
0-0: Ball 1-0: Fly out, F7 (Flyball, 78D, EV 85.0 MPH)
|
Top of the 5th over - 0 runs, 1 hit, 0 errors, 1 left on base; Anderson 0 - Greenville 0 |
BOTTOM OF THE 5TH |
Greenville Spinners batting - Pitching for Anderson Rebels : LHP Kevin Houston
|
Batting: RHB Glenn Robertson
|
0-0: Ball 1-0: Ball 2-0: Foul Ball, location: 2F 2-1: Called Strike 2-2: Foul Ball, location: 2F 2-2: Foul Ball, location: 2F 2-2: Ball 3-2: SINGLE (Groundball, 6MD, EV 97.5 MPH)
|
Batting: RHB Ronald Carapezzi
|
0-0: Ball 1-0: Ball 2-0: Ball 3-0: Base on Balls Glenn Robertson to second
|
Batting: RHB Michael McEvilly
|
0-0: Called Strike 0-1: Ball 1-1: Foul Ball, location: 2F 1-2: Ball 2-2: Grounds into double play, 5-4-3 (Groundball, 56S, EV 83.1 MPH) Glenn Robertson to third
|
Batting: RHB Darrell Woodard
|
0-0: Ball 1-0: Foul Ball, location: 2F 1-1: Ball 2-1: DOUBLE (Flyball, 8LXD, EV 103.1 MPH) Glenn Robertson scores
|
Batting: RHB Luis Salazar
|
0-0: Called Strike 0-1: Called Strike 0-2: Fly out, F9 (Flyball, 89S, EV 90.0 MPH)
|
Bottom of the 5th over - 1 run, 2 hits, 0 errors, 1 left on base; Anderson 0 - Greenville 1 |
TOP OF THE 6TH |
Anderson Rebels batting - Pitching for Greenville Spinners : RHP Tony Pedroza
|
Batting: RHB Mike Gallego
|
0-0: Ball 1-0: Ball 2-0: Ball 3-0: Base on Balls
|
Batting: RHB Larry See
|
0-0: Called Strike 0-1: Ball 1-1: Ball 2-1: Reached on error, E6 (Groundball, 6, EV 111.9 MPH) Mike Gallego to second
|
Batting: RHB Todd Demeter
|
0-0: Grounds into double play, 5-4-3 (Groundball, 5, EV 84.4 MPH) Mike Gallego to third
|
Batting: RHB Steve Lombardozzi
|
0-0: Ball 1-0: Foul Ball, location: 2F 1-1: Foul Ball, location: 2F 1-2: Fly out, F8 (Flyball, 8LD, EV 88.8 MPH)
|
Top of the 6th over - 0 runs, 0 hits, 1 error, 1 left on base; Anderson 0 - Greenville 1 |
BOTTOM OF THE 6TH |
Greenville Spinners batting - Pitching for Anderson Rebels : LHP Kevin Houston
|
Batting: LHB Russell Getter
|
0-0: Ball 1-0: Ball 2-0: Fly out, F8 (Flyball, 8RD, EV 100.0 MPH)
|
Batting: RHB Tony Russell
|
0-0: Ball 1-0: Foul Ball, location: 2F 1-1: Called Strike 1-2: Ball 2-2: Ball 3-2: Ground out 6-3 (Groundball, 6S, EV 81.3 MPH)
|
Batting: LHB John Edmonds
|
0-0: Fly out, F9 (Flyball, 89M, EV 83.1 MPH)
|
Bottom of the 6th over - 0 runs, 0 hits, 0 errors, 0 left on base; Anderson 0 - Greenville 1 |
TOP OF THE 7TH |
Anderson Rebels batting - Pitching for Greenville Spinners : RHP Tony Pedroza
|
Batting: RHB Juan Blanco
|
0-0: Ball 1-0: SINGLE (Groundball, 25, EV 68.8 MPH) (infield hit)
|
Batting: LHB Eli Aldridge
|
0-0: Called Strike 0-1: Ball 1-1: Ball 2-1: Swinging Strike 2-2: Foul Ball, location: 2F 2-2: Foul Ball, location: 2F 2-2: Ball 3-2: Fly out, F8 (Line Drive, 8RM, EV 101.3 MPH)
|
Batting: LHB Tad Venger
|
0-0: Ball 1-0: Foul Ball, location: 2F 1-1: Grounds into double play, 4-6-3 (Groundball, 4, EV 77.5 MPH)
|
Top of the 7th over - 0 runs, 1 hit, 0 errors, 0 left on base; Anderson 0 - Greenville 1 |
BOTTOM OF THE 7TH |
Greenville Spinners batting - Pitching for Anderson Rebels : LHP Kevin Houston
|
Batting: RHB Byron Peyton
|
0-0: Ball 1-0: Ball 2-0: Ball 3-0: Called Strike 3-1: Base on Balls
|
Batting: RHB Glenn Robertson
|
0-0: Called Strike 0-1: Ball 1-1: Foul Ball, location: 2F 1-2: Ball 2-2: Foul Ball, location: 2F 2-2: Grounds into double play, 1-4-3 (Groundball, 15, EV 67.5 MPH)
|
Batting: RHB Ronald Carapezzi
|
0-0: Called Strike 0-1: Foul Ball, location: 2F 0-2: Ball 1-2: Fly out, F7 (Flyball, 78S, EV 88.8 MPH)
|
Bottom of the 7th over - 0 runs, 0 hits, 0 errors, 0 left on base; Anderson 0 - Greenville 1 |
TOP OF THE 8TH |
Anderson Rebels batting - Pitching for Greenville Spinners : RHP Tony Pedroza
|
Batting: RHB Jose Bernhardt
|
0-0: Ball 1-0: Ball 2-0: Foul Ball, location: 2F 2-1: Ball 3-1: Swinging Strike 3-2: Strikes out swinging
|
Batting: RHB Henry Cotto
|
0-0: Ball 1-0: SOLO HOME RUN (Flyball, 89XD, EV 95.0 MPH), Distance : 392 ft
|
Batting: RHB Mike Gallego
|
0-0: Ball 1-0: Called Strike 1-1: Called Strike 1-2: Foul Ball, location: 2F 1-2: Ball 2-2: Fly out, F4 (Popup, 34, EV 56.3 MPH)
|
Batting: RHB Larry See
|
0-0: Called Strike 0-1: Called Strike 0-2: Strikes out looking
|
Top of the 8th over - 1 run, 1 hit, 0 errors, 0 left on base; Anderson 1 - Greenville 1 |
BOTTOM OF THE 8TH |
Greenville Spinners batting - Pitching for Anderson Rebels : LHP Kevin Houston
|
Batting: RHB Michael McEvilly
|
0-0: Foul Ball, location: 2F 0-1: Fly out, F7 (Flyball, 7D, EV 98.8 MPH)
|
Batting: RHB Darrell Woodard
|
0-0: Foul Ball, location: 2F 0-1: Ball 1-1: Ball 2-1: Swinging Strike 2-2: Strikes out swinging
|
Batting: RHB Luis Salazar
|
0-0: Ground out 4-3 (Groundball, 4S, EV 71.3 MPH)
|
Bottom of the 8th over - 0 runs, 0 hits, 0 errors, 0 left on base; Anderson 1 - Greenville 1 |
TOP OF THE 9TH |
Anderson Rebels batting - Pitching for Greenville Spinners : RHP Tony Pedroza
|
Pitching: RHP Scott Farmer
|
|
Batting: RHB Todd Demeter
|
0-0: Swinging Strike 0-1: Ball 1-1: Fly out, F6 (Flyball, 5D, EV 88.8 MPH)
|
Batting: RHB Steve Lombardozzi
|
0-0: Called Strike 0-1: Ball 1-1: Ball 2-1: Ball 3-1: Base on Balls
|
Batting: RHB Juan Blanco
|
0-0: Ball 1-0: Called Strike 1-1: Bunted foul 1-2: Ground out 5-3 (Groundball, 56, EV 100.6 MPH) Steve Lombardozzi to second
|
Batting: LHB Eli Aldridge
|
0-0: Intentional Walk
|
Batting: LHB Tad Venger
|
0-0: Called Strike 0-1: Ball 1-1: Ball 2-1: Called Strike 2-2: Strikes out swinging
|
Top of the 9th over - 0 runs, 0 hits, 0 errors, 2 left on base; Anderson 1 - Greenville 1 |
BOTTOM OF THE 9TH |
Greenville Spinners batting - Pitching for Anderson Rebels : LHP Kevin Houston
|
Batting: LHB Russell Getter
|
0-0: Foul Ball, location: 2F 0-1: Foul Ball, location: 2F 0-2: Ground out U3 (Groundball, 34S, EV 81.3 MPH)
|
Batting: RHB Tony Russell
|
0-0: Ball 1-0: Ball 2-0: Ball 3-0: Foul Ball, location: 2F 3-1: Base on Balls
|
Pinch Hitting: RHB Brandt Humphry
|
0-0: Ball 1-0: Foul Ball, location: 2F 1-1: Ball 2-1: Called Strike 2-2: Ball 3-2: Fielders Choice at 2nd, 3-6 (Groundball, 3, EV 85.0 MPH)
|
Batting: RHB Byron Peyton
|
0-0: Ball 1-0: Ball 2-0: Ball 3-0: Called Strike 3-1: Called Strike 3-2: Ground out 1-3 (Groundball, 25, EV 69.4 MPH)
|
Bottom of the 9th over - 0 runs, 0 hits, 0 errors, 1 left on base; Anderson 1 - Greenville 1 |
TOP OF THE 10TH |
Anderson Rebels batting - Pitching for Greenville Spinners : RHP Scott Farmer
|
Now in RF: David Miller
|
|
Batting: RHB Jose Bernhardt
|
0-0: Ball 1-0: Foul Ball, location: 2F 1-1: Swinging Strike 1-2: Strikes out looking
|
Batting: RHB Henry Cotto
|
0-0: Called Strike 0-1: Ball 1-1: Foul Ball, location: 2F 1-2: Foul Ball, location: 2F 1-2: Ball 2-2: TRIPLE (Line Drive, 8RXD, EV 111.3 MPH)
|
Pitching: RHP Michael Morrissey
|
|
Batting: RHB Mike Gallego
|
0-0: Bunted foul 0-1: Ball 1-1: Ball 2-1: Ball 3-1: Ball
|
Batting: RHB Larry See
|
0-0: Ball Mike Gallego steals 2nd base (no throw) 1-0: Foul Ball, location: 2F 1-1: SINGLE (Line Drive, 4M, EV 106.9 MPH) Henry Cotto scores Mike Gallego to third Runner from 3rd tries for Home, SAFE, throw by CF to home
|
Batting: RHB Todd Demeter
|
0-0: Ball 1-0: Foul Ball, location: 2F 1-1: Swinging Strike 1-2: Foul Ball, location: 2F 1-2: Ball 2-2: Fly out, F6 (Line Drive, 6, EV 64.4 MPH)
|
Batting: RHB Steve Lombardozzi
|
0-0: Ball 1-0: Ball 2-0: Ball 3-0: Called Strike 3-1: Foul Ball, location: 2F 3-2: Foul Ball, location: 2F 3-2: Fly out, F3 (Popup, 3S, EV 65.0 MPH)
|
Top of the 10th over - 2 runs, 2 hits, 0 errors, 1 left on base; Anderson 3 - Greenville 1 |
BOTTOM OF THE 10TH |
Greenville Spinners batting - Pitching for Anderson Rebels : LHP Kevin Houston
|
Pitching: RHP Marlon Hubbard
|
|
Batting: RHB Glenn Robertson
|
0-0: Ball 1-0: Ball 2-0: Ball 3-0: Called Strike 3-1: Foul Ball, location: 2F 3-2: Foul Ball, location: 2F 3-2: Base on Balls
|
Batting: RHB Ronald Carapezzi
|
0-0: Ball 1-0: Grounds into double play, 6-4-3 (Groundball, 6, EV 85.0 MPH)
|
Batting: RHB Michael McEvilly
|
0-0: Fly out, F9 (Flyball, 9S, EV 73.1 MPH)
|
Bottom of the 10th over - 0 runs, 0 hits, 0 errors, 0 left on base; Anderson 3 - Greenville 1 |
|